 Dungeon Crawl Stone Soup version 0.22.1-1-ga44c0e56f4 (webtiles) character file.

105 Revguard the Insei (level 4, -4/33 HPs)
             Began as a Demonspawn Gladiator on Oct 24, 2018.
             Slain by a gnoll
             ... wielding a +0 club
              (8 damage)
             ... on level 2 of the Dungeon.
             The game lasted 00:04:45 (1437 turns).

Revguard the Insei (Demonspawn Gladiator)           Turns: 1437, Time: 00:04:46

Health: -4/33      AC:  6    Str: 15    XL:     4   Next: 54%
Magic:  4/4        EV: 13    Int:  9    God:
Gold:   144        SH:  0    Dex: 15    Spells: 3/3 levels left

rFire    . . .     SeeInvis .     - Unarmed
rCold    . . .     Gourm    .   (no shield)
rNeg     . . .     Faith    .   a - +1 leather armour
rPois    .         Spirit   .   b - +0 helmet
rElec    .         Reflect  .   (no cloak)
rCorr    .         Harm     .   (no gloves)
MR       .....                  i - +0 pair of boots
Stlth    ++........             (no amulet)
HPRegen  0.11/turn              (no ring)
MPRegen  0.09/turn              (no ring)

@: no status effects
A: claws 1
a: no special abilities


You were on level 2 of the Dungeon.
You were near starving.

You visited 1 branch of the dungeon, and saw 2 of its levels.

You collected 144 gold pieces.

Inventory:

Missiles
 c - a throwing net (quivered)
Armour
 a - a +1 leather armour (worn)
 b - a +0 helmet (worn)
 i - a +0 pair of boots (worn)
Jewellery
 f - a +3 ring of intelligence
Scrolls
 e - a scroll of remove curse
 n - a scroll of amnesia {unknown}
Potions
 h - a potion of curing {unknown}
 j - a potion of berserk rage {unknown}
Comestibles
 d - 3 rations


   Skills:
 + Level 2.1 Fighting
 - Level 1.7 Throwing
 * Level 1.8 Armour
 + Level 3.2 Dodging
 * Level 1.8 Stealth
 + Level 3.3 Unarmed Combat


You had 3 spell levels left.
You didn't know any spells.
Your spell library was empty.

Dungeon Overview and Level Annotations

Branches:
Dungeon (2/15)

Altars:


Innate Abilities, Weirdness & Mutations

You have sharp fingernails.


Message History

Your +0 leather armour glows green for a moment.
The gnoll shaman misses you.
As you read the scroll labeled NYAGHEASUE, it crumbles to dust.
It is a scroll of enchant weapon.
You aren't carrying any weapons that can be enchanted.
The gnoll hits you but does no damage. The gnoll shaman barely misses you.
As you read the scroll labeled GAN MYNLAOPRAG, it crumbles to dust.
It is a scroll of identify.
m - a scroll of fog The gnoll hits you but does no damage.
The gnoll shaman hits you with a whip. The gnoll hits you.
* * * LOW HITPOINT WARNING * * *
As you read the scroll of fog, it crumbles to dust.
The scroll dissolves into smoke.
The bat hits you.
* * * LOW HITPOINT WARNING * * *
The gnoll hits you but does no damage. The gnoll shaman hits you with a whip.
* * * LOW HITPOINT WARNING * * *
The gnoll barely misses you. The bat closely misses you.
The gnoll hits you with a club!
You die...

#........#g########...
##.......##g# #...
#........##.# #...
#........##)# #...
#...........# #...
#....§§g.#### ###.
#....§ggg# #.
#....§§g.# ##
#....§@§§#
.....§.§§§.#
.......b...#
(..........# #
...?.......# ....
.....!.....# ....
............ ....
............# ....
####


You could see a gnoll shaman, 3 gnolls and a bat.

Vanquished Creatures
  Natasha (D:2)
  Terence (D:2)
  2 adders (D:2)
  A worm (D:2)
  A dart slug (D:1)
  2 leopard geckos
  3 ball pythons
  4 goblins
  2 hobgoblins (D:1)
  4 jackals (D:2)
  2 bats (D:1)
  A frilled lizard (D:1)
  5 kobolds
  3 rats
32 creatures vanquished.

Notes
Turn   | Place    | Note
-------+----------+-------------------------------------------
     0 | D:1      | Revguard the Demonspawn Gladiator began the quest for the
                  | Orb.
     0 | D:1      | Reached XP level 1. HP: 16/16 MP: 1/1
   149 | D:1      | Gained mutation: You have sharp fingernails. [demonic
                  | ancestry]
   149 | D:1      | Reached XP level 2. HP: 11/22 MP: 2/2
   657 | D:2      | Noticed Terence
  1038 | D:2      | Reached XP level 3. HP: 26/27 MP: 3/3
  1057 | D:2      | Reached skill level 1 in Armour
  1230 | D:2      | Killed Terence
  1230 | D:2      | Reached skill level 1 in Stealth
  1230 | D:2      | Reached XP level 4. HP: 17/33 MP: 4/4
  1376 | D:2      | Noticed Natasha
  1390 | D:2      | Killed Natasha
  1437 | D:2      | Slain by a gnoll

Skill      XL: |  1  2  3 |
---------------+----------+-----
Dodging        | 3 |  3.2
Unarmed Combat | 3 |  3.3
Armour         | 1 |  1.8
Stealth        | 1 |  1.8
Fighting       | |  2.1
Throwing       | |  1.7

Action                   |  1- 3 |  4- 6 || total
-------------------------+-------+-------++-------
Melee: Unarmed           |   114 |    33 ||   147
       Punch             |     3 |     1 ||     4
Throw: Throwing net      |     1 |     1 ||     2
  Use: Scroll            |       |     5 ||     5
Armor: Leather armour    |    39 |    10 ||    49
Dodge: Dodged            |    96 |    21 ||   117
